 Dungeon Crawl Stone Soup version 0.28-a0-1002-gf00fe891ef (webtiles) character file.

Game seed: 2941441938658070269

500 Sabo the Digger (level 7, 0/40 HPs)
             Began as a Gargoyle Earth Elementalist on Dec 6, 2021.
             Was a Priest of Ru.
             Slain by a scorpion zombie (2 damage)
             ... on level 5 of the Dungeon.
             The game lasted 00:30:12 (5718 turns).

Sabo the Digger (Gargoyle Earth Elementalist)       Turns: 5718, Time: 00:30:12

Health: 0/40       AC:  8    Str: 17    XL:     7   Next: 16%
Magic:  5/11       EV: 12    Int: 18    God:    Ru [***...]
Gold:   185        SH:  0    Dex: 10    Spells: 11/12 levels left

rFire   . . .      SeeInvis .   k - +1 whip (pain)
rCold   . . .      Faith    .   (shield unavailable)
rNeg    + . .      Spirit   .   b - +0 robe
rPois   ∞          Reflect  .   (no helmet)
rElec   +          Harm     .   i - +0 cloak
rCorr   .          Rampage  .   d - +0 pair of gloves
Will    .....                   (no boots)
Stlth   ++........              (no amulet)
HPRegen 0.13/turn               (ring unavailable)
MPRegen 0.12/turn               q - +6 ring of strength

@: no status effects
A: sickness immunity, AC +4, negative energy resistance 1, electricity
resistance, torment resistance 1, petrification resistance, missing a hand
a: Renounce Religion, Draw Out Power


You were on level 5 of the Dungeon.
You worshipped Ru.
Ru was most pleased with you.
You visited 1 branch of the dungeon, and saw 5 of its levels.

You collected 185 gold pieces.

Inventory:

Hand Weapons
 a - a +0 hand axe
 h - a +0 hunting sling
 k - a +1 whip of pain (weapon)
Missiles
 c - 67 stones
 j - 17 poisoned darts
 l - 21 bolts
 o - 40 sling bullets
Armour
 b - a +0 robe (worn)
 d - a +0 pair of gloves (worn)
 i - a +0 cloak (worn)
Jewellery
 q - a +6 ring of strength (right hand)
Scrolls
 m - 2 scrolls of fear
 n - a scroll of summoning
 p - 3 scrolls of teleportation
 r - a scroll of amnesia {unknown}
Potions
 e - 3 potions of curing {unknown}
 g - a potion of might {unknown}


   Skills:
 + Level 2.0 Fighting
 + Level 1.1(2.1) Axes
 + Level 3.1(3.3) Maces & Flails
 + Level 2.7 Dodging
 + Level 3.7 Stealth
 + Level 3.2 Spellcasting
 + Level 0.7 Transmutations
 + Level 5.3 Earth Magic


You had 11 spell levels left.
You knew the following spells:

 Your Spells              Type           Power      Damage    Failure   Level
a - Sandblast             Erth           44%        2d11      1%          1

Your spell library contained the following spells:

 Spells                   Type           Power      Damage    Failure   Level
 Passwall                 Tmut/Erth      10%        N/A       7%          2
 Slow                     Hex            8%         N/A       16%         1
 Stone Arrow              Conj/Erth      24%        3d8       16%         3
 Confusing Touch          Hex            2%         N/A       43%         3
 Vampiric Draining        Necr           2%         2d6       43%         3
 Petrify                  Tmut/Erth      13%        N/A       43%         4


Dungeon Overview and Level Annotations

Branches:
Dungeon (5/15)             Temple (0/1) D:4

Altars:
Ru


Innate Abilities, Weirdness & Mutations

You are immune to sickness and miasma.
Your stone body is resilient. (AC +4)
You are immune to poison.
You resist negative energy. (rN+)
You are resistant to electric shocks. (rElec)
You are resistant to unholy torment.
You are immune to petrification.
You are missing a hand.


Message History

Your Fighting skill increases to level 2!
You have reached level 7!
Casting: Sandblast (safe; 1% risk of failure)
Confirm with . or Enter, or press ? or * to list all spells.
Aiming: Sandblast (safe; 1% risk of failure)
Press: ? - help, Shift-Dir - straight line, f - scorpion zombie
Aim: a scorpion zombie (93% to hit)
The blast of sand hits the scorpion zombie!
The scorpion zombie is moderately damaged.
The scorpion zombie completely misses you.
Your magical contamination has completely faded away.
Casting: Sandblast (safe; 1% risk of failure)
Confirm with . or Enter, or press ? or * to list all spells.
Aiming: Sandblast (safe; 1% risk of failure)
Press: ? - help, Shift-Dir - straight line, f/p - scorpion zombie
Aim: a scorpion zombie (moderately damaged, 93% to hit)
The blast of sand hits the scorpion zombie!
The scorpion zombie is severely damaged.
The scorpion zombie hits you.
* * * LOW HITPOINT WARNING * * *
You focus your inner power and blind the scorpion zombie in retribution!
Casting: Sandblast (safe; 1% risk of failure)
Confirm with . or Enter, or press ? or * to list all spells.
Aiming: Sandblast (safe; 1% risk of failure)
Press: ? - help, Shift-Dir - straight line, f/p - scorpion zombie
Aim: a scorpion zombie (severely damaged, blind, 93% to hit)
The blast of sand hits the scorpion zombie.
The scorpion zombie is severely damaged.
The scorpion zombie barely misses you.
You catch the helpless scorpion zombie completely off-guard!
You hit the scorpion zombie but do no damage.
The scorpion zombie is severely damaged.
You completely miss the scorpion zombie.
The scorpion zombie is severely damaged.
The scorpion zombie hits you.
* * * LOW HITPOINT WARNING * * *
You hit the scorpion zombie.
The scorpion zombie is almost destroyed.
The scorpion zombie hits you.
You die...

#+# ##.#
##.@######
##..Z.....#
+...♣...<.#
##........#
##..######
##.# #+#


You could see a scorpion zombie (blind).

Vanquished Creatures
  2 necrophages
  A water moccasin zombie (D:3)
  2 orc wizards (D:4)
  Natasha (D:3)
  A hound skeleton (D:4)
  Robin (D:3)
  2 gnolls (D:3)
  5 adders
  An ufetubus (D:4)
  4 dart slugs
  4 orcs
  10 ball pythons
  4 bats
  11 endoplasms
  2 giant cockroaches (D:1)
  15 goblins
  12 hobgoblins
  3 jackals (D:3)
  4 quokkas
  2 frilled lizards
  4 kobolds
  6 rats (D:3)
97 creatures vanquished.

Vanquished Creatures (others)
  A gnoll (D:3)
  An orc (D:4)
2 creatures vanquished.

Grand Total: 99 creatures vanquished

Notes
Turn   | Place    | Note
-------+----------+-------------------------------------------
     0 | D:1      | Sabo the Gargoyle Earth Elementalist began the quest for
                  | the Orb.
     0 | D:1      | Reached XP level 1. HP: 10/10 MP: 3/3
   388 | D:1      | Reached XP level 2. HP: 15/15 MP: 3/5
   400 | D:1      | Reached skill level 4 in Earth Magic
   688 | D:1      | Reached XP level 3. HP: 14/19 MP: 6/6
  1250 | D:1      | Found a faded altar of an unknown god.
  1264 | D:1      | Prayed at the altar of an unknown god.
  1264 | D:1      | Became a worshipper of Ru the Awakened
  1285 | D:1      | Gained mutation: You are missing a hand. [Ru sacrifice]
  1285 | D:1      | Reached * piety under Ru
  1285 | D:1      | Reached ** piety under Ru
  1285 | D:1      | Reached *** piety under Ru
  2384 | D:2      | Reached XP level 4. HP: 24/24 MP: 7/7
  2592 | D:3      | Reached skill level 1 in Axes
  2712 | D:3      | Reached skill level 1 in Fighting
  2948 | D:3      | Reached XP level 5. HP: 25/29 MP: 8/8
  3130 | D:3      | Reached skill level 1 in Maces & Flails
  3199 | D:3      | Noticed Natasha
  3211 | D:3      | Killed Natasha
  3818 | D:3      | Noticed Robin
  3829 | D:3      | Killed Robin
  4136 | D:3      | Reached XP level 6. HP: 34/34 MP: 10/10
  4402 | D:4      | Noticed a necrophage
  4427 | D:4      | Killed a necrophage
  5001 | D:4      | Reached skill level 5 in Earth Magic
  5639 | D:4      | Found a staircase to the Ecumenical Temple.
  5693 | D:5      | Entered Level 5 of the Dungeon
  5694 | D:5      | Noticed a necrophage
  5708 | D:5      | Killed a necrophage
  5709 | D:5      | Reached XP level 7. HP: 9/40 MP: 6/11
  5717 | D:5      | HP: 2/40 [scorpion zombie (4)]
  5718 | D:5      | Slain by a scorpion zombie

Illustrated notes

Levels and vault maps discovered:
D:1:      lemuel_arrival_funnel, layout_basic,
          shapermc_ecumenical_altar_pompeii, minmay_pentomino_q2
D:2:      kennysheep_six_static_rooms, layout_basic
D:3:      layout_loops_ring, columned_hall_lemuel, minmay_checkerbox,
          uniq_robin, uniq_natasha
D:4:      layout_rooms, minmay_temple_entry_enclosed_plants,
          chequers_hall_statues_corner_a, minmay_pentomino_pile
D:5:      layout_rooms, nicolae_elyvilon_temple_path, tgw_xom,
          grunt_ministairs_14

Skill      XL: |  1  2  3  4  5  6 |
---------------+-------------------+-----
Earth Magic    | 4 5 |  5.3
Dodging        | 2 |  2.7
Axes           | 1 |  1.1
Fighting       | 1 2 |  2.0
Stealth        | 3 |  3.7
Maces & Flails | 1 3 |  3.1
Spellcasting   | 3 |  3.2
Transmutations | |  0.7

Action                   |  1- 3 |  4- 6 |  7- 9 || total
-------------------------+-------+-------+-------++-------
Melee: Hand axe          |    51 |       |       ||    51
       Whip              |    30 |   229 |     3 ||   262
 Cast: Sandblast         |    14 |    36 |     3 ||    53
Invok: Sacrifice a Hand  |     1 |       |       ||     1
  Use: Scroll            |       |     3 |       ||     3
 Stab: Sleeping          |     3 |     2 |       ||     5
       Distracted        |     1 |     3 |       ||     4
       Invisible         |       |       |     1 ||     1
Armor: Robe              |    33 |    67 |       ||   100
Dodge: Dodged            |    48 |   128 |     2 ||   178

Table legend: (Time is in decaauts)
 A = Elapsed time spent in this place.
 B = Non-inter-level travel time spent in this place.
 C = Inter-level travel time spent in this place.
 D = Time resting spent in this place.
 E = Time spent auto-exploring this place.
 F = Levels seen in this place.
 G = Mean time per level.
                   A        B        C        D        E       F      G
               +--------+--------+--------+--------+--------+-----+--------+
         Total |   5731 |   5731 |      0 |   2146 |      0 |   5 | 1146.2 |
       Dungeon |   5731 |   5731 |      0 |   2146 |      0 |   5 | 1146.2 |
               +--------+--------+--------+--------+--------+-----+--------+

Top non-repeatable levels by time:
     D:3: 1770 daAuts
     D:1: 1443 daAuts
     D:4: 1335 daAuts
     D:2: 1158 daAuts
     D:5: 24 daAuts
